[Event "Szansa Chess Open 2022"]
[Site "Warsaw"]
[Date "2022.09.18"]
[Round "7"]
[White "Chomczyk, Marek"]
[Black "Kowalski, Igor"]
[Result "1/2-1/2"]
[ECO "B13"]
[WhiteElo "2327"]
[BlackElo "2344"]
[Annotator "ChessBase"]
[PlyCount "118"]
[EventDate "2022.09.17"]
[EventCountry "POL"]
[SourceTitle "playchess.com"]
[Source "ChessBase"]
[SourceQuality "1"]
[TimeControl "900+10"]

1. e4 c6 2. d4 d5 3. exd5 cxd5 4. Nf3 Nc6 5. Bb5 Nf6 6. Ne5 Bd7 7. Nxd7 Qxd7 8. c3 e6 9. O-O Bd6 10. Nd2 O-O 11. Re1 Rad8 12. Nf3 Ne4 13. Bg5 Rde8 14. Bd3 f5 15. Qc1 Qc7 16. c4 h6 17. Bd2 Nxd2 18. Nxd2 Bxh2+ 19. Kf1 Nxd4 20. cxd5 exd5 21. Qxc7 Bxc7 22. Rxe8 Rxe8 23. Nb3 Bb6 24. Nxd4 Bxd4 25. Bxf5 Bxb2 26. Re1 Rxe1+ 27. Kxe1 Kf7 28. Kd2 Bd4 29. f3 Kf6 30. Bc8 b6 31. Bb7 Ke5 32. a4 Bc5 33. Kd3 Kf4 34. Ke2 Kg3 35. Kf1 d4 36. Ba6 g5 37. Bd3 h5 38. Bg6 h4 39. Be4 a6 40. Bd3 b5 41. axb5 a5 42. Bc2 Bb6 43. Bb3 h3 44. gxh3 Kxf3 45. Ke1 a4 46. Bxa4 Kg3 47. Bb3 Kxh3 48. Be6+ Kg3 49. Ke2 Kf4 50. Bd7 g4 51. Bc8 Kg3 52. Be6 Kh4 53. Bd5 Ba7 54. Bc6 Kh3 55. Bd7 Kg3 56. Be6 Kf4 57. Bc8 Bb8 58. b6 Kg3 59. Kd3 Kf3 1/2-1/2

[Event "Szansa Chess Open 2022"]
[Site "Warsaw"]
[Date "2022.09.18"]
[Round "7"]
[White "Zochowski, Kacper"]
[Black "Warcaba, Jakub"]
[Result "1-0"]
[ECO "A05"]
[WhiteElo "2257"]
[BlackElo "1625"]
[Annotator "ChessBase"]
[PlyCount "65"]
[EventDate "2022.09.17"]
[EventCountry "POL"]
[SourceTitle "playchess.com"]
[Source "ChessBase"]
[SourceQuality "1"]
[TimeControl "900+10"]

1. Nf3 Nf6 2. c4 b6 3. g3 e6 4. Bg2 Bb7 5. O-O c5 6. b3 Be7 7. Bb2 O-O 8. e3 d5 9. Qe2 Nc6 10. d3 Qc7 11. Nc3 Rad8 12. Rac1 dxc4 13. bxc4 a6 14. Rcd1 e5 15. Ne1 Na5 16. g4 Bxg2 17. Nxg2 h6 18. h4 Qd6 19. g5 hxg5 20. hxg5 Nh7 21. Ne4 Qe6 22. f4 exf4 23. Nxf4 Qc6 24. Nd5 Rxd5 25. cxd5 Qxd5 26. Qg2 Bxg5 27. Qh3 Qxa2 28. Rd2 Qe6 29. Qxh7+ Kxh7 30. Nxg5+ Kg8 31. Nxe6 fxe6 32. Rxf8+ Kxf8 33. Rf2+ 1-0

[Event "Szansa Chess Open 2022"]
[Site "Warsaw"]
[Date "2022.09.18"]
[Round "7"]
[White "Fiszer, Bartosz"]
[Black "Kokoszczynski, Jan"]
[Result "0-1"]
[ECO "C80"]
[WhiteElo "2232"]
[BlackElo "2313"]
[Annotator "ChessBase"]
[PlyCount "112"]
[EventDate "2022.09.17"]
[EventCountry "POL"]
[SourceTitle "playchess.com"]
[Source "ChessBase"]
[SourceQuality "1"]
[TimeControl "900+10"]

1. e4 e5 2. Nf3 Nc6 3. Bb5 a6 4. Ba4 Nf6 5. O-O Nxe4 6. d4 Be7 7. Re1 b5 8. Bb3 d5 9. dxe5 Be6 10. Nbd2 Nc5 11. c3 O-O 12. Bc2 d4 13. cxd4 Nxd4 14. Nxd4 Qxd4 15. Nf3 Qxd1 16. Rxd1 Rfd8 17. Bg5 Bxg5 18. Nxg5 h6 19. Ne4 Nxe4 20. Bxe4 Rab8 21. f4 c5 22. Kf2 g6 23. Ke3 Kf8 24. Rac1 c4 25. Rd4 Ke7 26. Rcd1 Rxd4 27. Rxd4 Rb6 28. Bd5 h5 29. Bxe6 Kxe6 30. a3 Rc6 31. Kd2 a5 32. Kc3 Kf5 33. g3 Rc7 34. Rd5 Rb7 35. Kd4 Kg4 36. Kc5 Kh3 37. Kc6 Rb8 38. Kc7 Ra8 39. Kb7 Re8 40. Rd7 Kxh2 41. Rxf7 Kxg3 42. f5 gxf5 43. Rxf5 h4 44. Kc6 b4 45. axb4 axb4 46. Kd7 Rb8 47. e6 h3 48. Rg5+ Kh4 49. Rc5 c3 50. bxc3 h2 51. Rc4+ Kg3 52. Rxb4 Rxb4 53. cxb4 h1=Q 54. e7 Qd5+ 55. Kc7 Qe6 56. Kd8 Qd6+ 0-1

[Event "Szansa Chess Open 2022"]
[Site "Warsaw"]
[Date "2022.09.18"]
[Round "7"]
[White "Janeczko, Jakub"]
[Black "Kosakowski, Jakub"]
[Result "0-1"]
[ECO "B10"]
[WhiteElo "2159"]
[BlackElo "2457"]
[Annotator "ChessBase"]
[PlyCount "82"]
[EventDate "2022.09.17"]
[EventCountry "POL"]
[SourceTitle "playchess.com"]
[Source "ChessBase"]
[SourceQuality "1"]
[TimeControl "900+10"]

1. e4 c6 2. Nc3 d5 3. Nf3 dxe4 4. Nxe4 Nf6 5. Qe2 Nxe4 6. Qxe4 Nd7 7. Bc4 Nf6 8. Ne5 e6 9. Qe2 b5 10. Bb3 Qc7 11. d4 Bd6 12. O-O O-O 13. a4 bxa4 14. Bxa4 c5 15. c3 Bb7 16. Bf4 Nd5 17. Bg3 cxd4 18. cxd4 Rac8 19. Rfe1 Rfd8 20. Qg4 Nf6 21. Qh3 Ne4 22. Bb3 Bd5 23. Bh4 Re8 24. Ba4 Bxe5 25. dxe5 Rf8 26. Qg4 Qxe5 27. Be7 f5 28. Qe2 Rf7 29. Bb4 Qd4 30. Ba5 Rb7 31. b4 Nc3 32. Qb2 Qg4 33. f3 Bxf3 34. Bb3 Bd5 35. Rxe6 Qd4+ 36. Kh1 Bxb3 37. Qxb3 Kh8 38. Rae1 Ne4 39. Qc2 Rbb8 40. Bc7 Rxc7 41. R6xe4 Qxe4 0-1

[Event "Szansa Chess Open 2022"]
[Site "Warsaw"]
[Date "2022.09.18"]
[Round "7"]
[White "Mulawa, Cyprian"]
[Black "Slomczewski, Michal"]
[Result "0-1"]
[ECO "B47"]
[WhiteElo "2149"]
[BlackElo "2108"]
[Annotator "TA"]
[PlyCount "104"]
[EventDate "2022.09.17"]
[EventCountry "POL"]
[SourceTitle "playchess.com"]
[Source "ChessBase"]
[SourceQuality "1"]
[TimeControl "900+10"]

1. e4 c5 2. Nf3 e6 3. d4 cxd4 4. Nxd4 Nc6 5. Nc3 Qc7 6. g3 a6 7. Bg2 Nf6 8. O-O Be7 9. Re1 d6 10. Nxc6 bxc6 11. e5 dxe5 12. Rxe5 O-O 13. Re1 e5 {[%emt 0:01:30] B80: Sicilian Scheveningen: 6 g3 and 6 Be3, including English Attack.} 14. Qe2 Re8 15. Bg5 ({Much weaker is} 15. Qxe5 $6 Bf8 16. Qxe8 (16. Qxc7 {is a self mate.} Rxe1+ 17. Bf1 Bh3 18. Bg5 Rxa1) 16... Nxe8 17. Rxe8 Qb7 $11) 15... h6 {[%emt 0:01:40] [#] White is slightly better.} 16. Qxe5 $146 (16. Bxf6 $16 Bxf6 17. Qc4) ({Predecessor:} 16. Bxf6 Bxf6 17. Qc4 Re6 18. Rad1 Rb8 19. b3 Qa5 20. Na4 Rb4 21. Qe2 e4 22. Bh3 {½-½ (60) Firat,B (2310)-Managadze,N (2459) Chalkida 2009}) 16... Bd6 17. Qxe8+ Nxe8 18. Rxe8+ Bf8 $2 {[%emt 0:00:00] [#]} (18... Kh7 $11 {and Black has nothing to worry.} 19. Be3 Bb7 20. Be4+ g6 21. Rxa8 Bxa8) 19. Bf4 $2 ({White must play} 19. Rd1 $1 $18 Bg4 (19... hxg5 20. Rdd8) 20. Rxa8 Bxd1 21. Be3 (21. Nxd1 hxg5 22. Rxa6 Qe5 $11)) 19... Qb7 $36 {[%emt 0:02:17][%mdl 2048] White is under pressure.} 20. Rd1 {[%emt 0:00:33] Black must now prevent Rdd8.} Bg4 (20... Bf5 $5 21. Rxa8 Qxa8 $15) 21. Rxa8 Qxa8 22. Rc1 (22. Rd4 $11 {remains equal.}) 22... Qb7 {[%emt 0:00:32][%mdl 1024] Black has strong compensation.} 23. b3 Be6 (23... Ba3 $17 {aiming for ...Qb4.} 24. Re1 Bb4) 24. a4 (24. Na4 $11) 24... Qb4 $17 25. Bd2 (25. Ne4 $17) 25... Qd4 $19 26. Ne4 {[%emt 0:00:08] [#]} Qb2 $1 27. Be3 $2 {[%emt 0:00:59] Now White is beyond hope.} (27. Nc3 $17) 27... Ba3 28. h4 Bd5 29. Bf4 (29. Rd1 {is a better defense.} Qxc2 30. Rd4) 29... f5 30. c4 Bxe4 31. Bxe4 fxe4 32. Re1 Qxb3 33. Kh2 Qxc4 34. Rd1 Qxa4 35. Rd8+ Kf7 36. Rd7+ Kf6 37. g4 c5 38. Rd6+ Ke7 {[%emt 0:00:12] Threatens to win with ...c4.} 39. Rg6 Kf7 40. h5 Bb2 {[%emt 0:00:18] Strongly threatening ...Qc2.} 41. Rb6 Bf6 42. Rb7+ Ke6 43. Rc7 Qd4 {[%emt 0:00:21] Black mates.} 44. Kg2 Be5 45. Rc6+ Kd7 46. Bxe5 Kxc6 47. Bxd4 cxd4 {[%emt 0:00:01] KP-KP} 48. f4 exf3+ 49. Kxf3 a5 50. Ke4 a4 51. Kxd4 Kd6 52. Kc4 Ke5 {[%emt 0:00:00] Weighted Error Value: White=1.00/Black=0.23 (precise)} 0-1

[Event "Szansa Chess Open 2022"]
[Site "Warsaw"]
[Date "2022.09.18"]
[Round "7"]
[White "Derylo, Kamil"]
[Black "Alvarado, Carlos"]
[Result "0-1"]
[ECO "B12"]
[WhiteElo "2143"]
[BlackElo "2108"]
[Annotator "TA"]
[PlyCount "60"]
[EventDate "2022.09.17"]
[EventCountry "POL"]
[SourceTitle "playchess.com"]
[Source "ChessBase"]
[SourceQuality "1"]
[TimeControl "900+10"]

1. e4 c6 2. d4 d5 3. f3 e6 4. Nc3 Bb4 5. Bd2 Ne7 (5... dxe4 6. Nxe4 Be7 7. c3 $14) 6. Nce2 {[%emt 0:00:19] B12: Caro-Kann: Advance Variation.} Ba5 7. Ng3 Nd7 {[%emt 0:00:07] [#]} 8. Bd3 $146 {[%emt 0:00:09] The position is equal.} ({Predecessor:} 8. c3 Bb6 9. Qc2 c5 10. dxc5 Nxc5 11. O-O-O Bd7 12. N1e2 Rc8 13. Kb1 O-O 14. Bg5 {1-0 (35) Filev,G (2360)-Spassov,L (2418) Sofia 2010}) 8... Bb6 9. N1e2 c5 {[%emt 0:00:15][%cal Bc6c5,Bc5d4][%mdl 32] [#] Hoping for ...c4.} 10. c3 O-O 11. O-O e5 (11... cxd4 $15 12. cxd4 dxe4 13. Bxe4 (13. fxe4 Nc6 $17) 13... f5) 12. Kh1 (12. exd5 $11 Nxd5 13. c4) 12... exd4 13. cxd4 cxd4 14. Bg5 f6 15. Bf4 Ne5 (15... dxe4 $17 16. Bc4+ Kh8 17. Nxd4 Ne5 18. Bxe5 fxe5) 16. exd5 (16. Bxe5 $15 fxe5 17. f4) 16... Nxd3 ({Weaker is} 16... Qxd5 17. Be4 Qd6 18. a4 $17) 17. Qxd3 Nxd5 18. Bd2 {[%emt 0:00:25] [#]} Ne3 $1 19. Rfe1 Kh8 20. Rac1 Re8 21. Ne4 Bf5 22. N2g3 Bg6 23. b4 (23. Qa3 $17) 23... Rc8 24. Qb3 (24. Rxc8 {might work better.} Qxc8 25. Rc1) 24... Rxc1 $19 25. Rxc1 h5 26. Nc5 h4 27. Nge4 Bxc5 28. Rxc5 (28. bxc5 $17 Re7 29. h3 (29. Bxe3 dxe3 30. Qxe3 Qe8 $17)) 28... b6 29. Rb5 (29. Rc1 Bxe4 30. fxe4) 29... a6 30. Bxe3 axb5 {Weighted Error Value: White=0.84/Black=0.23 (precise)} 0-1

[Event "Szansa Chess Open 2022"]
[Site "Warsaw"]
[Date "2022.09.18"]
[Round "7"]
[White "Jarocka, Liwia"]
[Black "Czyzak, Blazej"]
[Result "0-1"]
[ECO "D37"]
[WhiteElo "2131"]
[BlackElo "1517"]
[Annotator "TA"]
[PlyCount "92"]
[EventDate "2022.09.17"]
[EventCountry "POL"]
[SourceTitle "playchess.com"]
[Source "ChessBase"]
[SourceQuality "1"]
[TimeControl "900+10"]

1. d4 Nf6 2. c4 e6 3. Nf3 d5 4. Nc3 Be7 5. Bf4 O-O 6. e3 b6 7. cxd5 Nxd5 8. Bg3 {[%emt 0:00:39] [#] D37: Queen's Gambit Declined: 5 Bf4.} Nf6 $146 ({Better is} 8... Bb7 $11) ({Predecessor:} 8... c5 9. Bc4 Nxc3 10. bxc3 Bb7 11. O-O Nd7 12. a4 Nf6 13. Qb3 Bd6 14. Bh4 Rc8 15. Rac1 Qc7 16. Bxf6 gxf6 {½-½ (27) Kuzubov,Y (2636)-Fedoseev,V (2664) Douglas 2019}) 9. Bd3 Bb7 10. h3 {[%emt 0:00:53] White is slightly better.} Bd6 11. Bh4 Nbd7 12. O-O c5 13. Rc1 cxd4 14. exd4 (14. Nxd4 {with more complications.} Nc5 15. Bb1 Be7 16. Qc2) 14... Be7 15. Bg3 Nd5 16. Nb5 N7f6 17. Re1 Nb4 18. Bb1 a6 19. Nc3 Bxf3 20. Qxf3 Qxd4 $2 (20... b5 $11 {and Black has nothing to worry.}) 21. Be5 $2 (21. a3 $18) 21... Qh4 $1 $11 22. g3 Qxh3 {[%emt 0:02:20] And now ...Ng4 would win.} 23. Bxf6 Bxf6 (23... gxf6 24. a3 $16) 24. Ne2 (24. a3 $11 Nd5 25. Nxd5 exd5 26. Red1) 24... Nd5 $17 (24... Bxb2 25. Rc4 a5 26. Rh4 Qxh4 27. gxh4 $18) 25. Rc4 Qh6 (25... Bxb2 26. Rh4 Qxh4 27. gxh4 $18) 26. Kg2 {[%emt 0:00:08] Rh1 is the strong threat.} Qg5 ({Don't play} 26... Bxb2 27. Rh1 Qxh1+ 28. Kxh1 $18) 27. Rg4 (27. Nf4 $17) 27... Qe5 ({Much less strong is} 27... Qh6 28. Rh1 Qxh1+ 29. Kxh1 $18) 28. Re4 (28. Rd4 $142) 28... Qxb2 $19 29. Nf4 {[%emt 0:00:22] Threatens to win with Nxd5.} Rac8 $4 (29... Nc3 $19 {avoids the disaster.} 30. Rh1 Nxb1) 30. Nxd5 $18 exd5 31. Rg4 (31. R4e2 $18 {is the narrow road to win.} Qa1 32. Bxh7+ $1 Kxh7 33. Rxa1 Bxa1 34. Re1) 31... g6 $19 32. Bf5 (32. Qxd5 $17 Rcd8 33. Qb3 Qxb3 34. axb3) 32... Rc3 33. Qf4 (33. Bd3 {was the crucial defense.} Ra3 34. Rb1 Qxb1 35. Bxb1 Rxf3 36. Kxf3) 33... Rc4 34. Qf3 Rxg4 ({But not} 34... Qxa2 $2 35. Bxg6 Rxg4 36. Bb1 $19) 35. Bxg4 Bg7 (35... h5 $19 {is more deadly.} 36. Bd7 Kg7 37. Qxd5 Bd4) 36. Qxd5 $17 Qd4 37. Qb3 (37. Bf3 $17) 37... Qxg4 $19 38. Qxb6 Qc4 39. Qb7 Qxa2 40. Qd7 a5 41. Re4 Qb3 42. Ra4 Qb6 43. Rf4 Be5 44. Ra4 Rb8 (44... Rd8 $142 45. Qg4 Rd2 46. Qf3 {[#]} Rxf2+ $3 47. Qxf2 Qc6+ 48. Kh3 Qxa4 49. Kg2 Qe4+ 50. Kh2 Qd4 51. Qf3 a4 52. Kh3 Kg7 53. Qe2 a3 54. Kh2 Qb2 55. Qg2 Qxg2+ 56. Kxg2 a2 57. g4 a1=Q 58. Kf2 Bd4+ 59. Ke2 Qc3 60. Kd1 Qd3+ 61. Kc1 Bc3 62. g5 Qd2+ 63. Kb1 Qb2#) 45. Re4 Bg7 {[%emt 0:00:08] Strongly threatening ...Rd8.} 46. Kg1 Qb1+ {[%emt 0:00:02] What a bad dream for White.  Weighted Error Value: White=0.89/Black=0.53} 0-1

[Event "Szansa Chess Open 2022"]
[Site "Warsaw"]
[Date "2022.09.18"]
[Round "7"]
[White "Krasenkova, Elena"]
[Black "Smykalo, Severyn"]
[Result "1-0"]
[ECO "E09"]
[WhiteElo "2124"]
[BlackElo "1840"]
[Annotator "TA"]
[PlyCount "95"]
[EventDate "2022.09.17"]
[EventCountry "POL"]
[SourceTitle "playchess.com"]
[Source "ChessBase"]
[SourceQuality "1"]
[TimeControl "900+10"]

1. d4 d5 2. Nf3 c6 3. c4 e6 4. Qc2 Nf6 5. g3 Nbd7 6. Bg2 Be7 7. O-O O-O 8. Nbd2 b6 9. e4 Bb7 10. e5 Ne8 11. Rd1 {[%emt 0:00:28] E09: Closed Catalan: Main Line: 7 Qc2 c6 8 Nbd2.} Nc7 12. b3 c5 13. Bb2 {[%emt 0:00:35] [#] The position is equal.} dxc4 $146 {[%emt 0:00:35] [#]} (13... a5 $11 {keeps the balance.}) ({Predecessor:} 13... a5 14. Nf1 a4 15. Ne3 axb3 16. axb3 Rxa1 17. Rxa1 Qb8 18. Rd1 dxc4 19. Nxc4 Rd8 20. dxc5 bxc5 {½-½ (33) Aupi Royo,J (2351)-Canamas Soler,J (2293) ICCF email 2016}) 14. bxc4 (14. Ng5 $1 $16 Bxg5 15. Bxb7) 14... Qc8 (14... cxd4 $11 15. Ne4 d3 16. Qxd3 Na6) 15. Ne4 $16 h6 (15... cxd4 $142 16. Rxd4 h6) 16. Nd6 ({Better is} 16. d5 $1 $16 ) 16... Bxd6 $11 17. exd6 Ne8 18. dxc5 bxc5 19. Rab1 Rb8 20. Bc3 {[%emt 0:04:08] This bishop pair is nice.} Nef6 21. Ne5 {[%emt 0:00:42] White has more active pieces.} (21. Bxf6 $16 Nxf6 22. Ne5 Bxg2 23. Rxb8 (23. Kxg2 Nd7 $16) 23... Qxb8 24. Kxg2) 21... Bxg2 22. Kxg2 Nxe5 23. Bxe5 Qc6+ 24. f3 {[%emt 0:00:11][%cal Od6d7] d7! is the strong threat.} Nd7 25. Bc3 Rfd8 26. Qe4 Qxe4 27. fxe4 f6 {[%emt 0:00:01] Prevents e5.} 28. Rb5 a6 29. Ra5 (29. Rxb8 $11 {is superior.} Rxb8 30. e5) 29... Rb6 30. Ra3 Rc8 (30... e5 $5 ) 31. Ba5 Rb2+ 32. Kg1 (32. Rd2 $15 {deserves consideration.} Rcb8 33. Rf2) 32... Re2 (32... Rcb8 $17) 33. Re1 (33. Rb1 $11 {remains equal.}) 33... Rxe1+ $17 34. Bxe1 {[%emt 0:00:01][%mdl 4096] Endgame KRB-KRN} Rc6 35. Rd3 Kf7 (35... Rb6 $17) 36. Ba5 $1 $11 g6 ({Black should try} 36... Rc8 $11) 37. Bc7 $1 $14 e5 38. Rb3 {[%emt 0:00:01] aiming for Rb7.} f5 (38... a5 $1 $14) 39. Kf2 (39. Rb7 $16) 39... Ke6 $1 {[%emt 0:00:19] [#]} 40. Ke3 (40. Rb7 $1 $16) 40... Nf6 $2 (40... a5 $11) 41. exf5+ $18 gxf5 {[%emt 0:00:16] [#]} 42. Rb8 $1 Kf7 {[%emt 0:01:19] Prevents Rf8+.} 43. Rh8 h5 $2 (43... Kg7 44. Re8 Nxe8) 44. h3 {[%emt 0:00:11] Strongly threatening Rh6.} Kg7 {[%emt 0:00:11] Prevents Rh6.} 45. Rxh5 Rxd6 (45... Nxh5 $2 46. d7 Rxc7 47. d8=Q $18) (45... f4+ $18 46. Ke2 Nd7 47. gxf4 exf4) 46. Bxd6 {[%emt 0:00:21] White mates.} Nxh5 47. Bxe5+ Kf7 48. g4 {[%emt 0:00:16] Weighted Error Value: White=0.26 (precise) /Black=0.51} 1-0

[Event "Szansa Chess Open 2022"]
[Site "Warsaw"]
[Date "2022.09.18"]
[Round "7"]
[White "Goraj, Barbara"]
[Black "Lapaj, Mateusz"]
[Result "1/2-1/2"]
[ECO "B36"]
[WhiteElo "2121"]
[BlackElo "2216"]
[Annotator "TA"]
[PlyCount "42"]
[EventDate "2022.09.17"]
[EventCountry "POL"]
[SourceTitle "playchess.com"]
[Source "ChessBase"]
[SourceQuality "1"]
[TimeControl "900+10"]

1. e4 c5 2. Nf3 Nc6 3. d4 cxd4 4. Nxd4 g6 5. c4 Nf6 6. Nc3 Nxd4 7. Qxd4 d6 8. Be3 Bg7 9. Be2 O-O 10. Qd2 Be6 11. Rc1 Qa5 12. O-O Rfc8 13. b3 a6 14. f3 Nd7 {[%emt 0:06:36][%cal Ob7b5] B36: Sicilian: Maroczy Bind: Gurgenidze System.} (14... b5 $5) 15. f4 (15. Rc2 {feels hotter.} b5 16. Rfc1 bxc4 17. Bxc4 Bxc4 18. Nd5) 15... Nf6 16. Bf3 Rab8 {[%emt 0:02:24] [#] White is better.} 17. Ba7 $1 Ra8 18. Be3 {[%emt 0:00:45][%cal Of4f5] [#]} Rab8 $146 ({Predecessor:} 18... h5 19. f5 Bd7 20. fxg6 fxg6 21. e5 Qxe5 22. Bd4 Ne4 23. Bxe4 Qxd4+ 24. Qxd4 Bxd4+ 25. Kh1 Bxc3 26. Rxc3 Rf8 27. Rcc1 Bc6 28. Bxg6 {1-0 (50) Vojdani,S (2018)-Pilvaieh,A (2075) Mashhad 2015}) 19. Ba7 (19. f5 $14 {should be considered.} gxf5 20. exf5 Bxf5 21. Ba7) 19... Ra8 $16 20. Bd4 Rab8 21. Ba7 (21. e5 $16 dxe5 22. Bxe5) 21... Ra8 {[%emt 0:00:02] Weighted Error Value: White=0.34/Black=0.18 (very precise)} 1/2-1/2

[Event "Szansa Chess Open 2022"]
[Site "Warsaw"]
[Date "2022.09.18"]
[Round "7"]
[White "Jarzebowski, Kacper"]
[Black "Kulesza, Andrzej"]
[Result "0-1"]
[ECO "B50"]
[WhiteElo "2106"]
[BlackElo "2014"]
[Annotator "TA"]
[PlyCount "209"]
[EventDate "2022.09.17"]
[EventCountry "POL"]
[SourceTitle "playchess.com"]
[Source "ChessBase"]
[SourceQuality "1"]
[TimeControl "900+10"]

1. e4 c5 2. Nf3 d6 3. g3 g6 4. Bg2 Bg7 5. O-O Nc6 6. Qe2 {[%emt 0:00:03] B50: Sicilian: 2...d6, Miscellaneous.} e5 7. a4 Nge7 8. c3 {[%emt 0:00:08] Black has an edge.} O-O 9. Na3 {[%emt 0:00:02] [#]} f5 $146 ({Predecessor:} 9... h6 10. Nc4 Be6 11. d3 Qd7 12. Nfd2 d5 13. exd5 Nxd5 14. a5 f5 15. Rd1 Rae8 16. Ne3 Nf6 17. a6 b6 18. Qf3 Rc8 19. Ndc4 {1-0 (77) Harvey,M (2349)-Bates,R (2365) Chess.com INT 2018}) 10. d3 f4 11. Nc2 Bg4 12. h3 Bd7 13. gxf4 exf4 14. d4 {[%emt 0:00:01] Prevents Ne5.} Qc8 15. Kh2 h6 (15... Na5 $15) 16. dxc5 d5 (16... dxc5 $11 {keeps the balance.} 17. Qc4+ Be6 18. Qxc5 Bb3) 17. exd5 $16 Nxd5 18. Nfd4 (18. Nh4 $16 f3 19. Nxf3 (19. Bxf3 Qc7+ 20. Kh1 Nde7 $11)) 18... Nde7 (18... f3 19. Nxf3 (19. Bxf3 Nf4 $14) 19... Qb8+ 20. Kg1 $16) 19. Nb5 (19. Qc4+ Kh8 $11) (19. Re1 $1 $14 {was the only good move.}) 19... f3 (19... Ne5 $5 20. Nbd4 Qxc5 $15) 20. Bxf3 Bxh3 {[%emt 0:00:10] Chess con chili.} 21. Rg1 (21. Bg2 $15 Bxg2 22. Kxg2) 21... Qf5 $2 (21... Be5+ $17 22. Rg3 (22. Kh1 $2 Bf1 $19) 22... Bxg3+ 23. fxg3 Ne5 $1 24. Qxe5 Rxf3) 22. Be4 $14 Qe6 23. Ncd4 Nxd4 24. Nxd4 Qd7 (24... Bxd4 $14 25. cxd4 Bf5) 25. Be3 (25. Rg3 $18 Be5 26. f4 (26. Bxh6 Bxg3+ 27. fxg3 Rf7 $16) 26... Bxd4 27. Rxh3 (27. cxd4 Bf5 $14)) 25... h5 $2 (25... Be5+ $16 {keeps fighting.} 26. Kh1 Bxd4 27. Qc4+ (27. Bxd4 Bf5 $16) 27... Kh7 28. Qxd4 (28. cxd4 Bf5 $11) 28... Rad8) 26. Rg5 Bg4 (26... Bf6 $142) 27. f3 $18 Qc7+ 28. Kh1 Bd7 29. Rag1 Rf6 30. Qh2 $2 (30. Qc4+ Kf8 31. Bxg6) 30... Qxh2+ 31. Kxh2 Bxa4 32. Bxg6 (32. R5g2 $18) 32... Nxg6 $16 33. Rxg6 Rxg6 34. Rxg6 Kf7 35. Rg1 (35. Rg5 $16) 35... Bd7 {[%emt 0:00:15] Inhibits Nf5.} 36. Kg3 Re8 37. Kf2 h4 38. f4 Bf6 39. Nf3 h3 40. Bd4 Bb5 41. Ne5+ Ke6 42. Rh1 (42. Rg6 {keeps more tension.} Kf5 43. Rh6 Re6 44. Nf3) 42... Rh8 43. Nf3 Rh6 (43... Bc6 $11) 44. Bxf6 Kxf6 {[%emt 0:00:01][%mdl 4096] Endgame KRB-KRN} 45. Kg3 (45. Ng5 $1 $14) 45... Bc6 $11 46. Rh2 Rg6+ 47. Ng5 Bg2 48. Kg4 {[%emt 0:00:19] [#]} (48. Kf2 $11) 48... Rg8 (48... a5 $1 $17 {...a4 is the strong threat.} 49. b3 Rg7) 49. b4 $15 Rg6 50. b5 Rg8 51. c4 Bf1 ({Black should play} 51... a5 $1 $15 52. bxa6 bxa6) 52. c6 Bxc4 53. Kxh3 Bxb5 54. cxb7 {[%emt 0:00:02] aiming for Kg4.} Bc6 55. Rb2 Rb8 56. Kg4 Rxb7 57. Rd2 {[%emt 0:00:18] Black must now prevent Rd6+.} Bd7+ 58. Kh5 ({Better is} 58. Kf3 $11) 58... Kf5 59. Rf2 a5 {[%emt 0:00:18] Strongly threatening ...a4.} 60. Kh4 a4 {[%emt 0:00:18] And now ...a3 would win.} 61. Nf7 Ra7 {[%emt 0:00:17] Hoping for ...a3.} 62. Nd6+ Ke6 63. Nc4 Kf6 {[%emt 0:00:15] Threatens to win with ...Be6.} 64. Na3 Be6 65. Kg3 Rg7+ 66. Kf3 Bd5+ 67. Ke2 (67. Ke3 $11 {remains equal.}) 67... Rg3 $17 {[%emt 0:00:03] Black is better.} 68. Nc2 a3 {[%emt 0:00:44] Black is more active.} 69. Nxa3 Rxa3 {[%emt 0:00:02] KRB-KR} 70. f5 Ke5 71. f6 Bf7 72. Kf1 Rg3 73. Ke1 Rg8 74. Kd2 Be6 75. Ke3 Bf5 76. f7 Rf8 77. Ra2 Be6 78. Ra5+ Bd5 79. Ra7 Bxf7 80. Re7+ Be6 81. Rg7 Ra8 82. Rg5+ Bf5 83. Rg7 Ra3+ 84. Kd2 Be4 85. Re7+ Kd4 86. Rd7+ Bd5 87. Rc7 Rd3+ 88. Kc2 Rg3 89. Kb2 Rg2+ 90. Rc2 Rg8 91. Rd2+ Kc5 92. Rc2+ Kb4 93. Rd2 Bc4 94. Rf2 Ra8 95. Kb1 {[%emt 0:00:16] Against Ra2} Kc3 96. Rc2+ Kd3 97. Rf2 Rb8+ 98. Rb2 Bb3 99. Kc1 Rc8+ 100. Kb1 Kc3 101. Rh2 Rd8 102. Rh3+ Kb4 103. Rh4+ Bc4 104. Kc1 Kc3 {[%emt 0:05:46] ( -> ...Ra8)} 105. Rxc4+ $2 {[%emt 0:00:00][%mdl 8192] Never resign too early!  Weighted Error Value: White=0.45/Black=0.42} 0-1

[Event "Szansa Chess Open 2022"]
[Site "Warsaw"]
[Date "2022.09.18"]
[Round "7"]
[White "Omar, Ahmed"]
[Black "Khamidov, Abdulla"]
[Result "0-1"]
[ECO "A01"]
[WhiteElo "2064"]
[BlackElo "1804"]
[Annotator "TA"]
[PlyCount "63"]
[EventDate "2022.09.17"]
[EventCountry "POL"]
[SourceTitle "playchess.com"]
[Source "ChessBase"]
[SourceQuality "1"]
[TimeControl "900+10"]

1. b3 Nf6 2. Bb2 d6 3. e3 e5 4. d4 exd4 5. Qxd4 Nc6 6. Bb5 Bd7 {[%emt 0:00:02] A01: Nimzowitsch-Larsen Opening.} 7. Bxc6 Bxc6 8. Nf3 Qd7 {[%emt 0:00:16] [#] The position is equal.} 9. h3 $146 ({Predecessor:} 9. Nbd2 Be7 10. h3 O-O 11. O-O-O a5 12. g4 Rfd8 13. g5 Ne8 14. h4 a4 15. h5 axb3 16. axb3 Bxf3 17. Nxf3 {½-½ (32) Froewis,G (2434)-Doskocil,K (2239) Austria 2017}) 9... Qf5 10. Nbd2 Qxc2 11. O-O Qc5 12. Qxc5 (12. Rac1 $11 Qa5 13. e4) 12... dxc5 $17 {[%emt 0:00:02] White is on the road to losing.} 13. Ne5 Bd5 14. e4 {[%emt 0:00:16] [#]} Be6 ({Don't take} 14... Nxe4 15. Nxe4 Bxe4 16. Rfe1 $16) 15. f4 O-O-O 16. Ndf3 (16. Rad1 $17 Bd6 17. Nd3) 16... Nxe4 $19 17. f5 (17. Rfe1 $142 f5 18. Ng5 Nxg5 19. fxg5) 17... Bd5 ({Not} 17... Bxf5 18. Nxf7 c4 19. bxc4 $14 (19. Nxh8 c3 $11)) 18. Rfe1 f6 19. Rxe4 Bxe4 20. Nf7 Bxf3 21. Nxd8 Kxd8 22. gxf3 {[%emt 0:00:02][%mdl 4096] Endgame KRB-KRB} Bd6 23. Rd1 Re8 {[%emt 0:00:08] White must now prevent ...Re2.} 24. Kf2 Kd7 25. h4 Kc6 26. Rg1 Re7 27. h5 h6 28. Rg6 Kd5 29. Bxf6 $2 {[%emt 0:01:32] [#]} (29. Rg1) 29... gxf6 {[%emt 0:00:11] Black is clearly winning.} 30. Rxh6 Ke5 31. Rh8 Kxf5 32. Rh6 {Weighted Error Value: White=0.41/Black=0.10 (very precise)} 0-1